Map: Overgrown Facility

Players

ColWombaT

  • Race: Zerg Zerg
  • League: Master
  • Spawn Location: 7:00

EEE

  • Race: Terran Terran
  • League: Platinum
  • Spawn Location: 9:00

Adversity - Winner!

  • Race: Terran Terran
  • Spawn Location: 3:00

ignorant - Winner!

  • Race: Zerg Zerg
  • League: Master
  • Spawn Location: 1:00

VOD

Have the link to the VOD?

Description

Time

  • Played on: June 28, 2018, 5:22 p.m.
  • Length: 6:49
Show
View Real Time Build Order
Export as new Build Order

ColWombaT Zerg 

Build Orders: Pool First 

Get SALT Encoding   

  12  0:01  Drone  
  13  0:09  Drone  
  14  0:17  Overlord  
  14  0:35  Drone  
  14  0:36  Drone x2  
  17  0:43  Extractor  
  17  0:48  Spawning Pool  
  15  0:51  Drone  
  16  0:57  Drone  
  17  1:09  Drone  
  18  1:24  Hatchery  
  17  1:29  Drone  
  17  1:31  Drone  
  19  1:40  Overlord  
  19  1:46  Metabolic Boost  
  19  1:57  Zergling x2  
  19  2:00  Queen  
  22  2:03  Zergling x2  
  23  2:13  Zergling x2  
  24  2:27  Zergling x2  
  25  2:35  Zergling x2  
  25  2:36  Hatchery  
  25  2:40  Zergling x2  
  26  2:50  Zergling x4  
  28  2:57  Zergling x4  
  29  3:00  Queen  
  31  3:06  Zergling x2  
  32  3:13  Zergling x2  
  33  3:20  Zergling x4  
  34  3:29  Zergling x2  
  34  3:31  Zergling x2  
  34  3:39  Zergling x6  
  30  3:42  Zergling x4  
  27  3:53  Zergling x4  
  25  4:01  Zergling x2  
  25  4:03  Zergling x2  
  22  4:12  Zergling x2  
  22  4:13  Queen  
  22  4:14  Zergling x2  
  22  4:16  Zergling x6  
  19  4:27  Zergling x2  
  19  4:39  Zergling x2  
  19  4:47  Drone  
  19  4:51  Zergling x2  
  20  4:56  Zergling x2  
  20  5:01  Zergling x2  
  20  5:06  Zergling x2  
  20  5:11  Zergling x2  
  21  5:15  Zergling x2  
  21  5:18  Zergling x2  
  20  5:27  Zergling x2  
  21  5:29  Zergling x2  
  21  5:34  Zergling x2  
  20  5:35  Zergling x2  
  20  5:39  Zergling x2  
  18  5:44  Zergling x2  
  18  5:49  Drone  
  20  5:55  Zergling x2  
  18  5:58  Zergling x2  
  18  6:03  Zergling x2  
  20  6:08  Zergling x2  
  20  6:10  Zergling x2  
  22  6:14  Zergling x2  
  23  6:19  Zergling x2  
  23  6:22  Zergling x2  
  22  6:29  Drone  
  22  6:31  Drone  
  23  6:36  Drone  
Show
View Real Time Build Order
Export as new Build Order

EEE Terran 

Build Orders:  

Get SALT Encoding   

  12  0:01  SCV  
  13  0:13  SCV  
  14  0:18  Supply Depot  
  14  0:25  SCV  
  15  0:40  SCV  
  15  0:41  Barracks  
  16  0:52  SCV  
  16  0:53  Refinery  
  17  1:04  SCV  
  18  1:16  SCV  
  19  1:28  SCV  
  20  1:40  Reaper  
  20  1:41  Orbital Command  
  21  1:52  Command Center  
  21  2:03  Supply Depot  
  21  2:10  SCV  
  22  2:18  Barracks Reactor  
  22  2:21  Refinery  
  22  2:22  SCV  
  23  2:34  SCV  
  23  2:49  Factory  
  23  2:55  Marine  
  23  2:56  Marine  
  22  3:17  Marine  
  22  3:18  Marine  
  24  3:35  SCV  
  24  3:37  Orbital Command  
  25  3:44  Supply Depot  
  25  3:47  Marine x2  
  27  3:51  Barracks  
  27  3:52  Cyclone  
  30  4:05  Marine  
  30  4:20  Marine  
  30  4:22  Marine  
  31  4:26  SCV x2  
  31  4:29  Cyclone  
  36  4:38  Marine x2, SCV  
  34  4:40  Marine  
  33  4:56  Marine x2  
  33  4:58  Marine  
  36  5:01  Cyclone  
  36  5:06  SCV x2  
  39  5:14  Marine x2  
  38  5:16  Marine  
  38  5:18  SCV x2  
  43  5:30  SCV x2  
  43  5:32  Marine x2  
  43  5:33  Cyclone  
  49  5:42  SCV x2  
  47  5:43  Marine  
  47  5:49  Marine  
  48  5:50  Marine  
  48  5:56  Engineering Bay  
  48  5:57  Barracks x2, Engineering Bay  
  50  6:00  Refinery  
  50  6:01  Supply Depot  
  45  6:06  Cyclone  
  37  6:25  Barracks Tech Lab  
Show
View Real Time Build Order
Export as new Build Order

Adversity Terran - Winner!

Build Orders:  

Get SALT Encoding   

  12  0:00  SCV  
  13  0:13  SCV  
  14  0:18  Supply Depot  
  14  0:25  SCV  
  15  0:30  Refinery  
  15  0:40  SCV  
  16  0:46  Barracks  
  16  0:52  SCV  
  17  1:04  SCV  
  17  1:10  Barracks  
  18  1:16  SCV  
  19  1:26  Barracks  
  19  1:34  Reaper  
  20  1:41  Orbital Command  
  20  1:57  Supply Depot  
  20  1:58  Reaper  
  20  2:00  Refinery  
  21  2:06  Reaper  
  22  2:09  SCV  
  23  2:18  Reaper  
  23  2:22  Supply Depot  
  24  2:25  SCV  
  25  2:33  Reaper  
  26  2:37  SCV  
  26  2:43  Reaper  
  28  2:50  Reaper  
  29  3:00  SCV  
  30  3:05  Reaper  
  30  3:08  Command Center  
  31  3:15  Reaper, SCV  
  33  3:23  Reaper  
  34  3:30  Supply Depot  
  34  3:33  SCV  
  35  3:38  Reaper  
  36  3:49  SCV  
  36  3:54  Reaper  
  38  3:57  Reaper  
  38  3:59  Barracks x2  
  38  4:01  SCV  
  39  4:10  Reaper  
  39  4:23  SCV  
  40  4:26  Reaper  
  40  4:29  Reaper  
  40  4:31  Orbital Command  
  42  4:35  SCV  
  41  4:42  Reaper  
  41  4:47  SCV  
  41  4:50  Reaper x2  
  44  4:56  Refinery x2  
  44  4:57  SCV  
  44  4:58  Reaper  
  44  4:59  SCV  
  47  5:02  Reaper  
  48  5:07  Barracks  
  48  5:08  Barracks  
  48  5:11  SCV x2  
  50  5:14  Reaper  
  51  5:22  Reaper x2  
  51  5:23  SCV  
  51  5:24  SCV  
  55  5:30  Reaper  
  55  5:35  SCV  
  55  5:38  Reaper  
  52  5:44  SCV  
  52  5:46  Reaper  
  52  5:48  Supply Depot, Engineering Bay, SCV  
  55  5:54  Reaper  
  55  5:56  Reaper  
  57  5:59  Reaper x2  
  57  6:04  Reaper  
  58  6:12  Reaper  
  57  6:35  SCV x2  
Show
View Real Time Build Order
Export as new Build Order

ignorant Zerg - Winner!

Build Orders: Hatch First 

Get SALT Encoding   

  12  0:03  Drone  
  13  0:10  Drone  
  14  0:17  Overlord  
  14  0:24  Extractor  
  14  0:25  Drone  
  15  0:36  Drone x2  
  17  0:46  Drone  
  18  1:02  Hatchery  
  17  1:16  Extractor  
  16  1:26  Spawning Pool  
  16  1:27  Drone x3  
  18  1:38  Overlord  
  18  2:13  Queen  
  18  2:14  Zergling x6  
  18  2:15  Zergling x2  
  24  2:19  Spine Crawler  
  24  2:21  Queen  
  25  2:27  Metabolic Boost  
  25  2:37  Zergling x2  
  25  2:38  Zergling x4  
  25  2:41  Zergling x2  
  29  2:50  Zergling x4  
  31  2:59  Overlord  
  29  3:13  Zergling x6  
  32  3:24  Drone  
  32  3:25  Drone x4  
  35  3:36  Zergling x8  
  37  3:46  Drone  
  37  3:47  Drone  
  38  3:49  Zergling x2  
  38  4:07  Drone x3, Queen x2  
  38  4:24  Extractor  
  38  4:28  Extractor  
  38  4:29  Drone x4, Roach Warren  
  38  4:38  Drone  
  38  4:57  Drone x6  
  38  4:58  Overlord  
  44  5:05  Overlord  
  44  5:20  Roach x2  
  44  5:21  Roach x2  
  52  5:22  Overlord x3  
  52  5:29  Roach x2  
  52  5:31  Roach  
  58  5:38  Lair  
  58  5:39  Drone  
  58  5:40  Drone  
  60  6:00  Roach x5  
  60  6:01  Roach  
  60  6:02  Roach  
  74  6:20  Drone x3  
  74  6:22  Drone, Hatchery  
  77  6:38  Extractor  
Tags
 
Add a new tag
Caveats
  • Supply blocks, unpowered buildings, or Contaminate may cause inaccurate times.
  • Supply counts are checked every 10 seconds.